Map: Abyssal Reef LE

Players

ABA

  • Race: Protoss Protoss
  • Spawn Location: 11:00

SamuraiFunn - Winner!

  • Race: Protoss Protoss
  • League: Platinum
  • Spawn Location: 5:00

VOD

Have the link to the VOD?

Description

Time

  • Played on: Nov. 26, 2017, 12:38 p.m.
  • Length: 14:39
Show
View Real Time Build Order
Export as new Build Order

ABA Protoss 

Build Orders:  

Get SALT Encoding   

  12  0:04  Probe (Chrono Boost)  
  14  0:16  Probe (Chrono Boost)  
  14  0:19  Pylon  
  14  0:24  Probe  
  15  0:32  Assimilator  
  15  0:37  Probe  
  16  0:49  Probe  
  17  0:53  Pylon  
  17  1:01  Probe  
  18  1:13  Probe (Chrono Boost)  
  18  1:16  Gateway  
  18  1:17  Gateway  
  20  1:25  Probe (Chrono Boost)  
  20  1:40  Assimilator  
  20  1:59  Probe, Pylon  
  21  2:04  Cybernetics Core  
  21  2:12  Probe  
  22  2:18  Zealot  
  22  2:19  Zealot  
  26  2:24  Probe  
  27  2:36  Nexus  
  27  2:48  Pylon  
  27  2:56  Probe  
  28  3:08  Probe, Stalker  
  28  3:09  Stalker  
  33  3:39  Sentry, Adept  
  33  3:40  Probe (Chrono Boost)  
  38  3:44  Assimilator  
  38  3:47  Assimilator  
  39  3:52  Probe (Chrono Boost)  
  39  3:53  Probe (Chrono Boost)  
  42  4:03  Probe (Chrono Boost)  
  42  4:04  Probe (Chrono Boost), Stargate  
  42  4:05  Probe  
  42  4:06  Probe  
  44  4:13  Forge  
  44  4:19  Gateway  
  44  4:28  Probe  
  44  4:29  Pylon  
  45  4:40  Probe  
  45  4:42  Pylon  
  46  4:50  Probe (Chrono Boost)  
  48  4:54  Probe (Chrono Boost)  
  49  5:02  Probe (Chrono Boost)  
  49  5:03  Probe (Chrono Boost)  
  49  5:04  Probe  
  49  5:06  Probe  
  52  5:12  Photon Cannon  
  52  5:13  Shield Battery  
  52  5:16  Probe  
  52  5:17  Oracle (Chrono Boost)  
  56  5:27  Probe  
  58  5:28  Probe  
  58  5:39  Probe  
  58  5:42  Oracle (Chrono Boost)  
  62  5:51  Probe  
  62  5:54  Stalker (Chrono Boost)  
  62  5:55  Stalker (Chrono Boost)  
  69  5:58  Stalker (Chrono Boost)  
  69  6:19  Probe  
  70  6:44  Photon Cannon  
  70  6:47  Photon Cannon  
  70  7:02  Photon Cannon  
  70  7:07  Photon Cannon  
  70  7:13  Twilight Council  
  70  7:16  Pylon  
  70  7:21  Robotics Facility  
  70  7:23  Robotics Facility  
  70  7:33  Stalker x2  
  70  7:34  Sentry  
  76  7:59  Dark Shrine  
  76  8:00  Adept  
  76  8:02  Photon Cannon  
  76  8:03  Photon Cannon  
  78  8:44  Photon Cannon  
  78  8:46  Photon Cannon  
  78  8:51  Pylon  
  78  9:02  Pylon  
  78  9:05  Pylon  
  78  9:09  Pylon, Immortal, Stalker x2  
  86  9:17  Pylon  
  86  9:20  Observer, Stalker  
  86  9:21  Pylon  
  89  9:26  Pylon  
  89  9:34  Stargate  
  89  9:36  Fleet Beacon  
  89  9:39  Stalker x2  
  89  9:41  Immortal  
  97  9:50  Robotics Bay, Stalker  
  99  10:08  Nexus  
  99  10:09  Stalker x2  
  99  10:12  Pylon  
  103  10:16  Pylon  
  103  10:19  Pylon  
  103  10:20  Stalker  
  105  10:24  Pylon  
  105  10:34  Carrier  
  111  10:39  Stalker x2  
  115  10:50  Stalker  
  105  11:09  Dark Templar, Stalker  
  88  11:19  Stalker  
  80  11:27  Probe  
  75  11:39  Probe, Dark Templar  
  78  11:48  Dark Templar  
  78  11:52  Probe x2  
  82  11:57  Assimilator  
  74  12:01  Assimilator  
  74  12:04  Probe x2  
  56  12:16  Probe x2  
  56  12:20  Dark Templar  
  56  12:21  Dark Templar  
  62  12:28  Probe x2, Dark Templar  
  64  12:38  Archon  
  64  12:40  Probe (Chrono Boost)  
  67  12:52  Probe x2 (Chrono Boost)  
  67  12:57  Probe (Chrono Boost)  
  68  13:00  Dark Templar x2  
  68  13:02  Gateway  
  68  13:05  Colossus  
  72  13:07  Dark Templar  
  72  13:11  Archon  
  72  13:38  Warp Prism  
  72  13:39  Dark Templar x2  
  78  13:46  Dark Templar  
Show
View Real Time Build Order
Export as new Build Order

SamuraiFunn Protoss - Winner!

Build Orders:  

Get SALT Encoding   

  12  0:01  Probe  
  13  0:13  Probe  
  14  0:22  Pylon  
  14  0:25  Probe  
  15  0:40  Probe (Chrono Boost)  
  17  0:50  Gateway  
  17  0:51  Probe (Chrono Boost)  
  17  0:54  Probe  
  18  1:06  Probe  
  19  1:14  Assimilator  
  19  1:18  Probe  
  20  1:30  Probe  
  21  1:37  Zealot, Assimilator  
  23  2:00  Pylon  
  23  2:12  Gateway  
  23  2:17  Cybernetics Core  
  23  2:18  Probe  
  24  2:30  Probe  
  25  2:42  Probe (Chrono Boost)  
  25  2:43  Nexus  
  26  2:45  Pylon  
  26  2:54  Probe (Chrono Boost)  
  26  2:55  Pylon  
  27  3:03  Probe (Chrono Boost)  
  27  3:05  Warp Gate (Chrono Boost)  
  28  3:14  Adept  
  28  3:17  Adept  
  32  3:30  Probe  
  33  3:40  Gateway  
  33  3:42  Probe  
  34  3:57  Probe x2  
  34  4:02  Robotics Facility  
  36  4:05  Stalker x2  
  36  4:09  Probe x2  
  42  4:15  Assimilator  
  42  4:21  Probe x2  
  44  4:30  Assimilator  
  44  4:33  Probe x2  
  46  4:49  Probe x2  
  46  4:51  Stalker  
  50  4:54  Twilight Council, Stalker  
  50  4:56  Pylon  
  52  5:00  Pylon, Stalker  
  52  5:02  Probe x2  
  56  5:14  Probe x2, Observer  
  59  5:21  Stalker  
  59  5:26  Probe x2  
  63  5:30  Pylon  
  63  5:38  Probe  
  63  5:39  Probe  
  63  5:41  Stalker x2  
  69  5:44  Blink (Chrono Boost)  
  69  5:46  Observer  
  70  5:59  Probe  
  70  6:00  Probe  
  70  6:02  Stalker  
  74  6:05  Nexus  
  74  6:08  Pylon  
  74  6:12  Probe, Pylon  
  74  6:18  Probe  
  76  6:24  Probe  
  77  6:30  Stalker  
  77  6:32  Stalker  
  81  6:35  Gateway  
  81  6:36  Gateway  
  81  6:47  Pylon  
  81  6:48  Probe x2  
  83  6:59  Stalker x2  
  83  7:00  Stalker  
  89  7:08  Pylon  
  89  7:11  Pylon  
  89  7:14  Forge  
  89  7:15  Forge  
  89  7:26  Stalker x3  
  92  7:35  Charge  
  92  7:56  Probe x2  
  92  7:57  Probe  
  95  8:12  Probe x3  
  98  8:15  Stalker x2  
  98  8:16  Stalker x3  
  108  8:26  Immortal  
  112  8:29  Robotics Facility  
  112  8:30  Robotics Facility  
  112  8:45  Stalker x2  
  116  8:52  Pylon  
  116  8:55  Pylon  
  116  8:59  Pylon x2  
  116  9:01  Photon Cannon  
  116  9:02  Pylon  
  116  9:03  Photon Cannon  
  116  9:05  Photon Cannon  
  116  9:07  Photon Cannon  
  116  9:15  Probe x3  
  119  9:20  Assimilator  
  119  9:21  Assimilator  
  119  9:22  Pylon  
  119  9:24  Pylon  
  119  9:27  Photon Cannon  
  119  9:30  Photon Cannon  
  119  9:32  Stalker x4  
  119  9:33  Stalker  
  129  9:43  Immortal  
  133  10:05  Immortal  
  141  10:14  Dark Shrine  
  141  10:18  Templar Archives  
  141  10:21  Warp Prism  
  141  10:22  Immortal  
  133  11:01  Immortal x2  
  133  11:02  Immortal  
  133  11:03  Stalker  
  133  11:04  Stalker x4  
  123  11:28  Dark Templar x5  
  116  11:59  Immortal x2  
  116  12:00  Immortal  
  116  12:01  Stalker x5  
  120  12:33  Stalker x3  
  120  12:34  Stalker x2  
  130  12:39  Immortal x3  
  142  12:57  Gateway  
  142  12:59  Gateway  
  142  13:00  Gateway  
  142  13:02  Gateway  
  142  13:14  Nexus  
  142  13:17  Assimilator  
  142  13:21  Assimilator  
  142  13:35  Dark Templar x4  
  142  13:36  Dark Templar  
Tags
 
League
Platinum
Matchup
PvP
Replay Pack
First 100 games
Spawn Locations
Cross Positions
Add a new tag
Caveats
  • Supply blocks, unpowered buildings, or Contaminate may cause inaccurate times.
  • Supply counts are checked every 10 seconds.